 Dungeon Crawl Stone Soup version 0.30-a0-1114-gd936c97349 (webtiles) character file.

Game seed: 15371085679066935690

138193 cforsyth the Bludgeoner (level 16, -7/146 HPs)
             Began as a Demigod Fighter on Apr 21, 2023.
             Mangled by an alligator (8 damage)
             ... on level 2 of the Swamp.
             The game lasted 01:14:22 (36641 turns).

cforsyth the Bludgeoner (Demigod Fighter)          Turns: 36641, Time: 01:14:23

Health: -7/146     AC: 23    Str: 32    XL:     16   Next: 20%
Magic:  22/22      EV: 13    Int: 18    God:
Gold:   2272       SH: 12    Dex: 13    Spells: 18/18 levels left

rFire   + . .      SeeInvis .    o - +3 morningstar (protect)
rCold   . . .      Faith    .    R - +0 kite shield
rNeg    + . .      Spirit   .    M - +3 chain mail {rF+}
rPois   +          Reflect  .    q - +1 hat {Will+}
rElec   .          Rampage  .    h - +0 cloak
rCorr   .                        O - +2 pair of gloves {infuse}
Will    +++..                    e - +0 pair of boots Stlth
                                 n - amulet of regeneration
HPRegen 1.24/turn                f - ring of willpower
MPRegen 0.18/turn                p - ring "Qiebaas" {rPois rN+ EV+5 Str+3}

@: marked
A: high MP 1, forlorn, divine attributes
a: no special abilities


You were on level 2 of the Swamp.
You visited 4 branches of the dungeon, and saw 24 of its levels.
You visited 1 bazaar.
You also visited: Ossuary, Bailey, Gauntlet and Ice Cave.

You collected 2776 gold pieces.
You spent 504 gold pieces at shops.

Inventory:

Hand Weapons
 a - a +1 flail of freezing
 j - a +2 whip of electrocution
 o - a +3 morningstar of protection (weapon)
 r - the +1 shortbow of Tenacity {freeze, rC+}
   (You found it in a Gauntlet)

   rC:        It protects you from cold.
 B - a +2 mace of holy wrath
Missiles
 D - a throwing net (quivered)
Armour
 e - a +0 pair of boots (worn)
 h - a +0 cloak (worn)
 q - a +1 hat of willpower (worn)
 A - a +1 helmet
 M - a +3 chain mail of fire resistance (worn)
 O - a +2 pair of gloves of infusion (worn)
 R - a +0 kite shield (worn)
 T - a +2 plate armour of cold resistance
Jewellery
 f - a ring of willpower (left hand)
 n - an amulet of regeneration (around neck)
 p - the ring "Qiebaas" (right hand) {rPois rN+ EV+5 Str+3}
   (You found it on level 3 of the Lair of Beasts)

   [ring of evasion]

   EV:        It affects your evasion (+5).
   Str:       It affects your strength (+3).
   rPois:     It protects you from poison.
   rN:        It protects you from negative energy.
 P - an amulet of reflection
 Z - the ring of Usoiz {rC+ Dex+3}
   (You found it on level 5 of the Dungeon)

   [ring of protection from cold]

   Dex:       It affects your dexterity (+3).
   rC:        It protects you from cold.
Wands
 l - a wand of roots (2)
 H - a wand of flame (31)
 J - a wand of mindburst (7)
 V - a wand of charming (3)
 Y - a wand of digging (11)
Scrolls
 c - 2 scrolls of magic mapping
 i - 8 scrolls of teleportation
 u - 3 scrolls of torment
 w - 3 scrolls of blinking
 x - 9 scrolls of enchant weapon
 z - 2 scrolls of brand weapon
 C - 6 scrolls of enchant armour
 E - 3 scrolls of fog
 F - a scroll of summoning
 I - a scroll of vulnerability
 K - 3 scrolls of fear
 S - a scroll of amnesia
Potions
 b - 4 potions of heal wounds
 d - 7 potions of might
 g - 19 potions of curing
 k - 3 potions of brilliance
 m - 3 potions of resistance
 s - 6 potions of mutation
 t - 2 potions of berserk rage
 v - 4 potions of invisibility
 G - a potion of flight
 N - 4 potions of cancellation
 U - 5 potions of ambrosia
 W - 2 potions of haste


   Skills:
 + Level 14.2 Fighting
 + Level 15.7 Maces & Flails
 + Level 12.9 Armour
 - Level 12.0 Shields
 - Level 1.8 Spellcasting


You had 18 spell levels left.
You didn't know any spells.
Your spell library contained the following spells:

 Spells                   Type           Power      Damage    Failure   Level
 Blink                    Tloc           2%         N/A       85%         2
 Ensorcelled Hibernation  Hex/Ice        2%         N/A       85%         2
 Lesser Beckoning         Tloc           2%         N/A       85%         2
 Momentum Strike          Conj/Tloc      2%         3d8       85%         2
 Passwall                 Tmut/Erth      0%         N/A       85%         2
 Poisonous Vapours        Pois/Air       2%         N/A       85%         2
 Sublimation of Blood     Necr           1%         N/A       85%         2
 Wereblood                Tmut           1%         N/A       85%         2
 Gell's Gravitas          Tloc           1%         N/A       97%         3
 Inner Flame              Hex/Fire       1%         N/A       97%         3
 Mephitic Cloud           Conj/Pois/Air  1%         N/A       97%         3
 Portal Projectile        Hex/Tloc       2%         N/A       97%         3
 Swiftness                Air            1%         N/A       97%         3
 Teleport Other           Tloc           1%         N/A       97%         3
 Tukima's Dance           Hex            1%         N/A       97%         3
 Vhi's Electric Charge    Tloc/Air       2%         N/A       97%         3
 Arcjolt                  Conj/Air       0%         1d10      100%        5
 Blade Hands              Tmut           0%         N/A       100%        5
 Fireball                 Conj/Fire      0%         3d3       100%        5
 Freezing Cloud           Conj/Ice/Air   0%         6-21      100%        5
 Iskenderun's Battlesphe  Conj           1%         2d6       100%        5
 Yara's Violent Unravell  Hex/Tmut       0%         3d3       100%        5
 Conjure Ball Lightning   Conj/Air       0%         3x3d6     100%        6
 Plasma Beam              Fire/Air       0%         2x1d11    100%        6
 Enfeeble                 Hex            0%         N/A       100%        7
 Orb of Destruction       Conj           0%         9d5       100%        7
 Summon Hydra             Summ           0%         N/A       100%        7


Dungeon Overview and Level Annotations

Branches:
Dungeon (15/15)            Temple (0/1) D:5            Lair (5/5) D:9
  Swamp (2/4) Lair:2       Spider (0/4) Lair:3        Slime (0/5) Lair:4
    Orc (2/2) D:10            Elf (0/3) Orc:2        Vaults (0/5) D:13
 Depths (0/4) D:15        Ossuary (visited)          Bailey (visited)
  IceCv (visited)         Gauntlet (visited)

Shops:
D:13 *   Orc:1 *   Orc:2 :(*?

Portals:
Trove: D:13 (give 6 scrolls of fog)


Innate Abilities, Weirdness & Mutations

You have an increased reservoir of magic. (+10% MP)
You shall have no god before yourself.
Your divine heritage dramatically boosts your attributes as you level up.


Message History

Unknown command.
The alligator barely misses you. The alligator tail-slaps you!
Found a wand of flame (10).
The alligator bites you!
* * * LOW HITPOINT WARNING * * *
You block the alligator's attack.
As you read the scroll of teleportation, it crumbles to dust.
You feel strangely unstable. The alligator closely misses you.
The alligator tail-slaps you.
* * * LOW HITPOINT WARNING * * *
The alligator attacks as you move away! The alligator bites you!
* * * LOW HITPOINT WARNING * * *
The alligator tail-slaps you but does no damage.
You feel better. You block the alligator's attack.
The alligator closely misses you.
You closely miss the alligator. You block the alligator's attack. x2
You feel better.
Your surroundings suddenly seem different.
You set off the alarm!
The alarm trap emits a blaring wail!
A sentinel's mark forms upon you.
Found four items.
Found a stone staircase leading up and a stone staircase leading down.
You hear a deafening roar!
You hear a shout!
You enter the shallow water.
Moving in this stuff is going to be slow.
The swamp worm fires a harpoon shot at you.
The harpoon shot misses you. The alligator misses you.
The alligator barely misses you. The swamp worm bites you!
* * * LOW HITPOINT WARNING * * *
The alligator bites you!
* * * LOW HITPOINT WARNING * * *
You block the alligator's attack. The alligator bites you.
* * * LOW HITPOINT WARNING * * *
The alligator closely misses you. You block the alligator's attack.
The alligator misses you. The swamp worm bites you!
* * * LOW HITPOINT WARNING * * *
You block the alligator's attack. The alligator tail-slaps you!
You die...

♣♣~~..~~~.. .~~~~.~§§♣
♣♣..~~~.~~.♣ ♣♣♣.~.~~~.~~ ♣
≈..~≈≈... ♣♣!D.~~~.~§~~~ ♣
§♣...≈..♣≈ ♣♣..♣~~~♣.♣ ♣
..≈~..≈.~≈≈~ ♣~~>.~~♣..♣♣♣
≈..≈≈..?~≈≈~..♣♣.t~~§~~.....
♣.~≈≈≈≈≈≈≈≈§~)~~@w~~.~~.♣
..~§≈≈≈≈≈≈~~~~~~tw~~.~!~~~~~
≈≈.♣≈≈≈≈≈≈.~~~..~~~~~~..~~~~
≈≈..♣≈≈≈≈♣.§♣t~~..~~..♣.~♣♣♣
≈§..♣≈≈≈≈w.~~..~♣♣♣.~..♣..♣
≈≈≈wt.≈≈.♣.~~~♣♣ ♣♣..♣♣♣...
≈≈≈♣t♣≈≈♣♣~~~♣ ♣.[♣ ♣..
♣≈♣♣.♣ ≈♣♣.§. ♣~~♣ ..
♣♣♣...♣ ♣


You could see 3 alligators, a swamp dragon, a tyrant leech and 2 swamp worms.

Vanquished Creatures
  Rupert (D:13)
  Gastronok (D:8)
  Frances (D:14)
  A minotaur (Gauntlet)
  3 hydras
  2 ironbound frosthearts (IceCv)
  3 centaur warriors
  2 catoblepae
  Erica (Orc:1)
  14 death yaks
  A death knight (D:15)
  A two-headed ogre (Orc:2)
  3 boulder beetles
  A deep troll shaman (Lair:5)
  3 orc high priests
  2 tengu warriors
  Urug (D:13)
  A vampire mage (D:14)
  Nergalle (D:9)
  The ghost of Darkkill the Skirmisher, a novice MiHu of Gozag (D:8)
  8 skeletal warriors
  The ghost of turdburglar the Geomancer, a novice GrEE of Vehumet (D:9)
  A spark wasp zombie (D:15)
  The ghost of soul19 the Ruffian, a novice TrTm of Qazlal (D:6)
  An obsidian statue (D:11)
  A lindwurm (Lair:5)
  A necromancer (D:15)
  A stone giant zombie (D:15)
  5 orc knights
  Pikel (D:7)
  A wolf spider (D:15)
  4 orc sorcerers (Orc:2)
  10 ugly things
  2 manticores (D:14)
  A shadow dragon skeleton (D:15)
  An oklob plant (Lair:4)
  19 elephants
  A stone giant skeleton (D:15)
  An ice statue (IceCv)
  3 black mambas (Lair:2)
  2 molten gargoyles (Lair:4)
  9 cane toads
  A hellion (Gauntlet)
  4 tengu conjurers
  3 rime drakes
  8 komodo dragons
  4 kobold demonologists
  8 trolls
  A queen bee (Lair:1)
  13 polar bears
  A wolf spider simulacrum (D:14)
  A tyrant leech (Lair:2)
  The ghost of soul19 the Trooper, an amateur DsFi of Ru (D:4)
  A hornet (D:8)
  Prince Ribbit (D:8)
  8 blink frogs
  A centaur simulacrum (D:15)
  A jumping spider (Lair:3)
  8 slime creatures (D:15)
  2 shadows
  2 wyverns
  Sigmund (D:5)
  40 yaks
  A wraith (D:12)
  2 redbacks (Lair:3)
  3 basilisks
  16 humans (D:13)
  3 vampire mosquitoes
  2 swamp worms
  2 acid dragons
  11 water moccasins
  5 black bears
  30 orc warriors
  A sky beast (D:7)
  A swamp drake (Swamp:1)
  An ice beast (D:6)
  38 wolves
  A lemure (D:7)
  8 centaurs
  6 kobold brigands
  A phantom (D:4)
  2 gnoll sergeants
  7 bullfrogs
  A scorpion (D:6)
  9 wights
  3 water moccasin zombies (Ossuary)
  34 killer bees
  8 howler monkeys
  7 electric eels
  5 lava snakes (Lair:4)
  3 jellies
  3 quasits (D:8)
  19 orc priests
  2 hounds
  2 sleepcaps
  Jessica (D:3)
  2 iguanas
  37 orc wizards
  2 mummies (Ossuary)
  22 gnolls
  8 adders
  2 shadow imps
  14 white imps
  An ufetubus (D:5)
  4 adder zombies (Ossuary)
  2 worms
  2 dart slugs (D:2)
  75 orcs
  8 endoplasms
  2 giant cockroaches (D:2)
  A gnoll zombie (Ossuary)
  18 goblins
  11 hobgoblins
  4 jackals (D:5)
  15 kobolds
  A quokka (shapeshifter) (D:13)
  4 quokkas
  2 ball pythons
  4 bats
  3 frilled lizards
  6 hobgoblin zombies (Ossuary)
  7 kobold zombies (Ossuary)
  7 orc zombies (Ossuary)
  8 rats
  A butterfly (Lair:1)
740 creatures vanquished.

Vanquished Creatures (others)
  2 bloated husks (Swamp:1)
  A warg (Orc:2)
  An orc warrior (Orc:2)
  6 orcs
  5 demonic plants (Gauntlet)
  25 fungi
  46 plants
  6 withered plants (D:15)
92 creatures vanquished.

Grand Total: 832 creatures vanquished

Notes
Turn   | Place    | Note
-------+----------+-------------------------------------------
     0 | D:1      | cforsyth the Demigod Fighter began the quest for the Orb.
     0 | D:1      | Reached XP level 1. HP: 18/18 MP: 3/3
    95 | D:1      | Reached skill level 2 in Maces & Flails
   117 | D:1      | Reached XP level 2. HP: 25/25 MP: 4/4
   608 | D:2      | Reached XP level 3. HP: 24/31 MP: 5/5
  1071 | D:3      | Reached XP level 4. HP: 4/38 MP: 6/6
  1802 | D:3      | Reached skill level 3 in Maces & Flails
  2053 | D:3      | Noticed Jessica
  2064 | D:3      | Killed Jessica
  2270 | D:3      | Reached XP level 5. HP: 46/46 MP: 7/7
  2807 | D:3      | Reached XP level 6. HP: 51/52 MP: 8/8
  3071 | D:4      | Noticed soul19's ghost (amateur DsFi)
  3159 | D:4      | You fall into a shaft and drop 2 floors!
  3177 | D:6      | Reached skill level 4 in Maces & Flails
  3210 | D:6      | Found a transporter.
  3210 | D:6      | Noticed a vampire mosquito
  3214 | D:6      | Found a transporter.
  3217 | D:6      | Noticed a troll
  3222 | D:6      | Noticed soul19's ghost (novice TrTm)
  3296 | D:6      | Found a sand-covered staircase.
  3305 | Ossuary  | Entered an ossuary
  3473 | Ossuary  | Reached XP level 7. HP: 58/60 MP: 9/9
  3488 | Ossuary  | Reached skill level 5 in Fighting
  3566 | D:6      | Reached skill level 5 in Armour
  3616 | D:5      | Entered Level 5 of the Dungeon
  3650 | D:5      | Found a staircase to the Ecumenical Temple.
  3817 | D:5      | Reached skill level 5 in Maces & Flails
  4391 | D:5      | Noticed Sigmund
  4428 | D:5      | Killed Sigmund
  4429 | D:5      | Reached XP level 8. HP: 58/70 MP: 10/10
  4734 | D:6      | Noticed a troll
  4758 | D:6      | Killed a troll
  4759 | D:6      | Reached skill level 6 in Maces & Flails
  5849 | D:7      | Found a flagged portal.
  5890 | Bailey   | Entered a bailey
  6163 | Bailey   | Reached XP level 9. HP: 77/79 MP: 11/11
  6337 | Bailey   | Reached skill level 7 in Maces & Flails
  6348 | Bailey   | Acquired a +1 pair of gloves of infusion
  6384 | Bailey   | Noticed a kobold demonologist
  6398 | Bailey   | Killed a kobold demonologist
  6981 | Bailey   | Noticed a kobold demonologist
  7134 | Bailey   | Noticed an orange demon
  7135 | Bailey   | Noticed a sun demon
  7137 | Bailey   | Killed a kobold demonologist
  8068 | D:7      | Reached skill level 8 in Maces & Flails
  8750 | D:8      | Noticed Gastronok
  8842 | D:8      | Noticed Prince Ribbit
  8867 | D:8      | Killed Prince Ribbit
  8904 | D:8      | Noticed Pikel
  9084 | D:7      | Killed Pikel
  9085 | D:7      | Reached XP level 10. HP: 67/90 MP: 8/13
  9145 | D:8      | Found a transporter.
  9161 | D:8      | Noticed Darkkill's ghost (novice MiHu)
  9304 | D:8      | Found a transporter.
 10260 | D:9      | Found a runed translucent door.
 10261 | D:9      | Noticed turdburglar's ghost (novice GrEE)
 10569 | D:9      | Noticed an elephant
 10570 | D:9      | Found a staircase to the Lair.
 10570 | D:9      | Noticed a death yak
 10600 | D:8      | Killed an elephant
 11071 | D:8      | Reached skill level 9 in Maces & Flails
 11346 | D:9      | Identified the +0 robe "Xiaguah" {Will++ Archmagi}
 11364 | D:9      | Killed a death yak
 11772 | D:10     | Entered Level 10 of the Dungeon
 11904 | D:10     | Found a staircase to the Orcish Mines.
 12034 | D:10     | Noticed a smoke demon
 12184 | D:10     | Reached XP level 11. HP: 68/99 MP: 4/14
 12989 | D:11     | Found a runed translucent door.
 13203 | D:11     | Found a runed translucent door.
 13214 | D:11     | Found a runed translucent door.
 13227 | D:11     | Found a runed translucent door.
 13563 | D:11     | Reached skill level 10 in Fighting
 13563 | D:11     | Reached skill level 10 in Armour
 13965 | D:11     | Noticed an obsidian statue
 14845 | Lair:1   | Entered Level 1 of the Lair of Beasts
 14955 | Lair:1   | Noticed Nergalle
 15053 | Lair:1   | Reached skill level 10 in Maces & Flails
 15204 | D:9      | HP: 3/77 [Nergalle/bolt of negative energy (36)]
 15212 | D:9      | Killed Nergalle
 15776 | Lair:1   | Reached skill level 5 in Shields
 16404 | Lair:1   | Reached skill level 11 in Maces & Flails
 17391 | Lair:2   | Found a staircase to the Swamp.
 17655 | Lair:2   | Reached XP level 12. HP: 59/106 MP: 1/15
 18350 | Lair:2   | Reached skill level 12 in Maces & Flails
 19378 | Lair:3   | Found a frozen archway.
 19478 | Lair:3   | Found a gate leading to a gauntlet.
 19484 | Gauntlet | Entered a Gauntlet
 19484 | Gauntlet | Found a transporter.
 19494 | Gauntlet | Found a transporter.
 19496 | Gauntlet | Found a transporter.
 19528 | Gauntlet | Found a transporter.
 19534 | Gauntlet | Found a transporter.
 19573 | Gauntlet | Found a transporter.
 19601 | Gauntlet | Found a transporter.
 19610 | Gauntlet | Found a transporter.
 19630 | Gauntlet | Found a transporter.
 19640 | Gauntlet | Found a transporter.
 19641 | Gauntlet | Reached skill level 13 in Maces & Flails
 19641 | Gauntlet | Reached XP level 13. HP: 113/113 MP: 6/16
 19642 | Gauntlet | Reached XP level 14. HP: 125/125 MP: 6/17
 19749 | Gauntlet | Reached skill level 14 in Maces & Flails
 19757 | Gauntlet | Identified the +1 shortbow of Tenacity {freeze, rC+}
 19783 | IceCv    | Entered an ice cave
 20699 | IceCv    | Reached skill level 10 in Shields
 21318 | IceCv    | HP: 3/126 [ironbound frostheart (14)]
 22057 | D:5      | Identified the ring of Usoiz {rC+ Dex+3}
 23017 | Lair:3   | Found a hole to the Spider Nest.
 23020 | Lair:3   | Identified the ring "Qiebaas" {rPois rN+ EV+5 Str+3}
 23952 | Lair:4   | Reached XP level 15. HP: 113/134 MP: 3/18
 24243 | Lair:4   | Found a staircase to the Slime Pits.
 25296 | Lair:5   | Entered Level 5 of the Lair of Beasts
 27024 | Orc:1    | Entered Level 1 of the Orcish Mines
 27248 | Orc:2    | Entered Level 2 of the Orcish Mines
 27372 | Orc:2    | Found a flickering gateway to a bazaar.
 27407 | Bazaar   | Entered a bazaar
 27407 | Bazaar   | Found Xeurror's Distillery.
 27407 | Bazaar   | Found Pautram's Weapon Shoppe.
 27407 | Bazaar   | Found Tisk's Magic Scroll Shop.
 27409 | Bazaar   | Found Mopri Feu's Assorted Antiques.
 27409 | Bazaar   | Found Seust's Weapon Shop.
 27444 | Bazaar   | Bought a potion of heal wounds for 65 gold pieces
 27444 | Bazaar   | Bought a potion of might for 52 gold pieces
 27444 | Bazaar   | Bought a potion of heal wounds for 65 gold pieces
 27444 | Bazaar   | Bought a potion of might for 52 gold pieces
 27449 | Bazaar   | Bought a scroll of enchant weapon for 90 gold pieces
 27449 | Bazaar   | Bought a scroll of magic mapping for 90 gold pieces
 27449 | Bazaar   | Bought a scroll of enchant weapon for 90 gold pieces
 27892 | Orc:1    | Noticed Erica
 28024 | Orc:1    | Killed Erica
 28101 | Orc:1    | Found Tumnia's General Store.
 28161 | Orc:1    | Reached skill level 1 in Spellcasting
 29146 | Orc:2    | Found a staircase to the Elven Halls.
 29341 | Orc:2    | Reached skill level 15 in Maces & Flails
 29369 | Orc:2    | Found Luitz's Magic Scroll Shop.
 29369 | Orc:2    | Found Byonnuz's Book Emporium.
 29382 | Orc:2    | Found Inykk's General Store.
 29382 | Orc:2    | Found Jiurhuck's Antique Weapon Emporium.
 29953 | D:13     | Noticed Urug
 30003 | D:13     | Killed Urug
 30044 | D:13     | Noticed Rupert
 30074 | D:13     | Paralysed by Rupert for 5 turns
 30079 | D:13     | Killed Rupert
 30405 | D:13     | Found a gate to the Vaults.
 30475 | D:13     | Found Zawnil's Gadget Gallery.
 30585 | D:13     | Found a portal to a secret trove of treasure.
 31671 | D:14     | Noticed Frances
 31698 | D:14     | Killed Frances
 32650 | D:15     | Entered Level 15 of the Dungeon
 33989 | D:15     | Reached XP level 16. HP: 145/145 MP: 18/22
 34255 | D:15     | Found a staircase to the Depths.
 35182 | D:9      | Killed turdburglar's ghost
 35494 | D:4      | Found a runed translucent door.
 35647 | D:4      | Killed soul19's ghost
 35827 | D:6      | Killed soul19's ghost
 36035 | D:8      | Killed Darkkill's ghost
 36196 | D:8      | Killed Gastronok
 36485 | Swamp:1  | Entered Level 1 of the Swamp
 36608 | Swamp:1  | You fall into a shaft and drop 1 floor!
 36641 | Swamp:2  | HP: 1/146 [swamp worm (12)]
 36641 | Swamp:2  | Mangled by an alligator

Illustrated notes

Levels and vault maps discovered:
D:1:      reono_arrival_forest_river, layout_rooms
D:2:      layout_rooms, basic_ecumenical_altar, st_stairs_8, minmay_tetromino_o4
D:3:      layout_basic, minivault_26, wad_floor_pattern_untrapped, uniq_jessica
D:4:      layout_cave_pools, hellmonk_ghost_happy_afterlife
D:5:      layout_basic, temple_statues, due_unseen_surprise, uniq_sigmund
D:6:      layout_rooms, eat_drink_and_be_merry_uskayaw, gammafunk_ghost_arena,
          nicolae_ossuary_entry_plus, corexii_item_surrounded_by_moat
D:7:      layout_loops_cross, nicolae_ru_the_path_less_chosen, minitemple,
          enter_bailey_3
D:8:      layout_basic, gammafunk_ghost_stat_death, uniq_prince_ribbit1,
          uniq_gastronok, uniq_pikel
D:9:      layout_long_grid, david_lair_generic, gammafunk_ghost_grave
D:10:     layout_basic, orc_0_dummy
D:11:     layout_irregular_city, minmay_statue_crystal_thing
D:12:     layout_irregular_city, st_stairs_8
D:13:     layout_loops_cross, david_vaults_3, nicolae_trove_entry_diagonal,
          nicolae_shop_gadgets
D:14:     layout_irregular_city, serial_rivers, chequers_serial_rivers_micro_c,
          chequers_serial_rivers_small_a, chequers_serial_rivers_small_3,
          chequers_serial_rivers_small_b, chequers_serial_rivers_small_3,
          uniq_frances
D:15:     gammafunk_depths_entry_grave, layout_basic, minmay_misc_feat_columns
Lair:1:   layout_loops_ring, special_room [special_room_bee],
          lemuel_fruit_fields, uniq_nergalle
Lair:2:   layout_gridlike, minmay_swamp_entry_worms, serial_bayou_pond_d,
          lemuel_fruit_tree, serial_bayou_shore_a
Lair:3:   layout_chaotic_city, spider_nest_entry_a, portal_ice_cave_entry_imps,
          gauntlet_entry_generic, minivault_24, hangedman_lair_unloving_vines
Lair:4:   cheibrodos_magma_flow, layout_concentric_octagons,
          minmay_slime_entry_oklob_open, infiniplex_staircase_pool
Lair:5:   grunt_lair_end_beastmaster, layout_concentric_octagons,
          chequers_serial_rivers_micro_a
Swamp:1:  layout_basic_swamp, basic_altar
Swamp:2:  layout_falls_marsh, nicolae_swamp_tree_isthmus, swamp_pool3
Orc:1:    layout_caves, basic_altar, serial_shops,
          nicolae_shop_tiny_real_fake_doors, uniq_erica
Orc:2:    grunt_orc_tribal_feast, layout_caves, serial_shops, freezing_bzr

Skill      XL: |  1  2  3  4  5  6  7  8  9 10 11 12 13 14 15 16 |
---------------+-------------------------------------------------+-----
Maces & Flails | 2 3 4 5 6 8 9 11 13 14 15 | 15.7
Fighting       | 3 4 5 7 8 9 10 11 12 13 14 | 14.2
Armour         | 3 4 5 7 8 9 10 12 | 12.9
Shields        | 6 8 10 11 12 | 12.0
Spellcasting   | 1 |  1.8

Action                     |  1- 3 |  4- 6 |  7- 9 | 10-12 | 13-15 | 16-18 || total
---------------------------+-------+-------+-------+-------+-------+-------++-------
  Melee: Flail             |   119 |   239 |   194 |       |   303 |       ||   855
         Whip              |       |       |   414 |  1136 |       |       ||  1550
         Mace              |       |       |       |     6 |       |       ||     6
         Morningstar       |       |       |       |       |  1121 |   215 ||  1336
  Throw: Throwing net      |       |       |     2 |       |       |       ||     2
  Evoke: Wand              |       |       |       |     1 |    13 |       ||    14
    Use: Scroll            |       |     8 |     7 |     9 |     4 |     3 ||    31
         Potion            |       |       |     1 |     4 |     8 |     2 ||    15
   Stab: Petrifying        |       |       |       |       |     1 |       ||     1
 Armour: Scale mail        |     8 |       |       |       |       |       ||     8
         Chain mail        |    56 |    34 |       |   412 |   634 |   102 ||  1238
         Plate armour      |       |   119 |   297 |   169 |   130 |       ||   715
  Dodge: Dodged            |    58 |    69 |   157 |   353 |   563 |   127 ||  1327
  Block: Buckler           |    26 |    48 |    92 |   233 |     5 |       ||   404
         Kite shield       |       |       |       |       |   814 |   142 ||   956

Table legend: (Time is in decaauts)
 A = Elapsed time spent in this place.
 B = Non-inter-level travel time spent in this place.
 C = Inter-level travel time spent in this place.
 D = Time resting spent in this place.
 E = Time spent auto-exploring this place.
 F = Levels seen in this place.
 G = Mean time per level.
                   A        B        C        D        E       F      G
               +--------+--------+--------+--------+--------+-----+--------+
         Total |  36159 |  33732 |   2427 |   7079 |  18323 |  29 | 1246.9 |
       Dungeon |  20883 |  19097 |   1786 |   3879 |  11078 |  15 | 1392.2 |
          Lair |   8961 |   8344 |    617 |   1261 |   5466 |   5 | 1792.2 |
         Swamp |    162 |    162 |      0 |      0 |    100 |   2 |   81.0 |
  Orcish Mines |   2403 |   2381 |     22 |    488 |   1005 |   2 | 1201.5 |
        Bazaar |     69 |     69 |      0 |      0 |     15 |   1 |   69.0 |
       Ossuary |    238 |    238 |      0 |      0 |     48 |   1 |  238.0 |
        Bailey |   1442 |   1442 |      0 |    680 |     29 |   1 | 1442.0 |
      Ice Cave |   1745 |   1745 |      0 |    694 |    582 |   1 | 1745.0 |
      Gauntlet |    251 |    251 |      0 |     75 |      0 |   1 |  251.0 |
               +--------+--------+--------+--------+--------+-----+--------+

Top non-repeatable levels by time:
  Lair:1: 2626 daAuts
    D:14: 2283 daAuts
     D:9: 2091 daAuts
  Lair:4: 2012 daAuts
     D:8: 1967 daAuts
     D:7: 1803 daAuts
   IceCv: 1745 daAuts
  Lair:2: 1703 daAuts
     D:5: 1645 daAuts
    D:15: 1596 daAuts
  Lair:5: 1571 daAuts
     D:3: 1514 daAuts
   Orc:2: 1475 daAuts
  Bailey: 1442 daAuts
     D:6: 1381 daAuts
